 Dungeon Crawl Stone Soup version 0.17-a0-1409-ge6d9485 (webtiles) character file.

107 urechis the Twirler (level 4, -3/26 HPs)
             Began as a Tengu Gladiator on June 22, 2015.
             Was an Initiate of Trog.
             Killed from afar by Crazy Yiuf (9 damage)
             ... with a wand of flame
             ... on level 3 of the Dungeon.
             The game lasted 00:04:41 (2461 turns).

urechis the Twirler (Tengu Gladiator)               Turns: 2461, Time: 00:04:42

Health: -3/26      AC:  4    Str: 16    XL:     4   Next: 85%
Magic:  5/5        EV: 13    Int:  8    God:    Trog [......]
Gold:   49         SH:  0    Dex: 15    Spells: 0 memorised, 3 levels left

rFire  . . .     SeeInvis .     a - +0 quarterstaff
rCold  . . .     Clarity  .     b - +0 leather armour
rNeg   . . .     SustAt   .     (no shield)
rPois  .         Gourm    .     c - +0 hat
rElec  .         Spirit   .     (no cloak)
rCorr  .         Warding  .     u - +0 pair of gloves {archery}
rMut   .         Stasis   .     (boots unavailable)
MR     .....                    (no amulet)
Stlth  +.........               (no ring)
                                (no ring)

@: not resistant to hostile enchantments, very unstealthy
A: beak, talons 3
a: Burn Spellbooks, Renounce Religion


You were on level 3 of the Dungeon.
You worshipped Trog.
Trog was noncommittal.
You were hungry.

You visited 1 branch of the dungeon, and saw 3 of its levels.

You collected 49 gold pieces.

Inventory:

Hand weapons
 a - a +0 quarterstaff (weapon)
Missiles
 d - 3 throwing nets (quivered)
 m - 8 needles of paralysis
Armour
 b - a +0 leather armour (worn)
 c - a +0 hat (worn)
 u - a +0 pair of gloves of archery (worn)
Jewellery
 w - an uncursed ring of fire {unknown}
Scrolls
 f - 3 scrolls of teleportation {unknown}
 g - a scroll of remove curse {unknown}
 n - a scroll of amnesia {unknown}
 q - 3 scrolls of identify {unknown}
 s - a scroll of magic mapping {unknown}
 v - a scroll of enchant armour {unknown}
 y - 3 scrolls of enchant weapon {unknown}
Potions
 h - a potion of magic {unknown}
 j - 2 potions of curing {unknown}
 k - a potion of heal wounds {unknown}
 l - 2 potions of agility
 o - a potion of degeneration {unknown}
 p - a potion of resistance {unknown}
 r - a potion of flight {unknown}
 t - 2 potions of might
Comestibles
 e - 3 bread rations
 i - 2 meat rations


   Skills:
 - Level 2.0 Fighting
 * Level 5.9 Staves
 - Level 2.1 Throwing
 - Level 3.2 Dodging


You had 3 spell levels left.
You didn't know any spells.

Dungeon Overview and Level Annotations

Branches:
Dungeon (3/15)

Altars:
Gozag
Trog
The Shining One

Shops:
D:2 *

Annotations:
D:3 Crazy Yiuf


Innate Abilities, Weirdness & Mutations

You have a beak for a mouth.
You have claws for feet.


Message History

No target in view!
No target in view!
No target in view!
You open the door.
Found a stone staircase leading down.
There is an open door here.
f - 3 scrolls labeled SOOZUI OSTISA (gained 1)
Found a hammer.
Crazy Yiuf the Enlightened comes into view.
He is wielding a quarterstaff of chaos.
Crazy Yiuf shouts!
Crazy Yiuf zaps a wand.
The puff of flame hits you!
It is a wand of flame.
Crazy Yiuf laughs, "You!"
Crazy Yiuf yells, "Orb!
Blight seventy infinity."
Crazy Yiuf zaps a wand.
The puff of flame hits you!
There is an open door here.
Crazy Yiuf zaps a wand.
The puff of flame hits you!
Crazy Yiuf zaps a wand.
The puff of flame hits you!
* * * LOW HITPOINT WARNING * * *
Crazy Yiuf zaps a wand.
The puff of flame hits you!
You die...

#. ######## ##.# #.g..g.# ## ###
..# #.####.## #.. ..# ###.# #.#
#..## ########>####.#
..#.####g####...###.....#.....#.#
#..........##...@.............#.#
.....g##.#.##..###.###..#........
##...###.#.##..# #.# #..#..#..#..
##.## #.#.##..###'###.##........
#.# #.......###_'...###.#.....
#.# #######.###+###.......##..
##'## #.# #.###.####.. ##...##
#.# #.# #.####.. #.....## .. ..#
#.......


You could see Crazy Yiuf.

Vanquished Creatures
  Ijyb (D:3)
  3 gnolls (D:2)
  2 adders (D:2)
  2 giant cockroaches
  3 goblins
  8 hobgoblins
  2 quokkas
  3 bats (D:1)
  A giant newt (D:1)
  2 kobolds (D:2)
  5 rats
32 creatures vanquished.

Notes
Turn   | Place    | Note
--------------------------------------------------------------
     0 | D:1      | urechis the Tengu Gladiator began the quest for the Orb.
     0 | D:1      | Reached XP level 1. HP: 12/12 MP: 2/2
   259 | D:1      | Reached XP level 2. HP: 15/17 MP: 3/3
   410 | D:1      | Reached skill level 4 in Staves
   642 | D:2      | Found Gozag's Platinum Reserve.
   687 | D:2      | Reached XP level 3. HP: 14/21 MP: 4/4
   995 | D:2      | HP: 1/21 [gnoll/club (6)]
  1174 | D:2      | Reached skill level 5 in Staves
  1344 | D:2      | Found an opulent altar of Gozag.
  1410 | D:2      | Reached XP level 4. HP: 3/26 MP: 5/5
  2133 | D:3      | Found a glowing golden altar of the Shining One.
  2160 | D:3      | Noticed Ijyb
  2222 | D:3      | Killed Ijyb
  2354 | D:3      | Found a bloodstained altar of Trog.
  2357 | D:3      | Became a worshipper of Trog the Wrathful
  2406 | D:3      | Noticed Crazy Yiuf
  2461 | D:3      | Killed from afar by Crazy Yiuf

Vault maps used:
D:1:      dpeg_arrival_concentric_ovals, minmay_misc_feat_alley
D:2:      nicolae_gozag_zags_fifth_avenue
D:3:      lemuel_doored_altar, kiku_gazebo_pond_becter, mrwooster_statue_mirror,
          nicolae_tso_carved_into_rock, uniq_crazy_yiuf_cottage, uniq_iyjb,
          uniq_robin

Action                   |  1- 3 |  4- 6 || total
-------------------------+-------+-------++-------
Melee: Quarterstaff      |    60 |    48 ||   108
  Eat: Chunk             |     1 |     3 ||     4
